 Dungeon Crawl Stone Soup version 0.28-a0-1404-g4df0f3684d (webtiles) character file.

Game seed: 15676045873054243876

1249 porpoise the Insei (level 8, 0/64 HPs)
             Began as a Demonspawn Transmuter on Jan 6, 2022.
             Was a Follower of Nemelex Xobeh.
             Slain by an orc warrior (33 damage)
             ... on level 6 of the Dungeon.
             The game lasted 00:26:42 (6759 turns).

porpoise the Insei (Demonspawn Transmuter)          Turns: 6759, Time: 00:26:47

Health: 0/64       AC:  6    Str: 13    XL:     8   Next: 26%
Magic:  7/11       EV: 12    Int: 15    God:    Nemelex Xobeh [*.....]
Gold:   333        SH:  0    Dex: 13    Spells: 8/11 levels left

rFire   + . .      SeeInvis .   a - +2 dagger (protect)
rCold   . . .      Faith    .   (no shield)
rNeg    . . .      Spirit   .   n - +0 robe
rPois   +          Reflect  .   (helmet currently unavailable)
rElec   .          Harm     .   (no cloak)
rCorr   .          Rampage  .   (no gloves)
Will    .....                   (boots currently unavailable)
Stlth   ++........              (no amulet)
HPRegen 0.20/turn               r - ring of poison resistance
MPRegen 0.12/turn               (no ring)

@: appendages, wereblooded, very slightly contaminated
A: horns 2, talons 2, molten scales 3, demonic magic 1, demonic touch 1
a: End Transformation, Renounce Religion, Draw Escape, Draw Destruction, Draw
Summoning


You were on level 6 of the Dungeon.
You worshipped Nemelex Xobeh.
Nemelex Xobeh was aware of your devotion.
You had temporarily grown beastly horns and talons.
You visited 2 branches of the dungeon, and saw 7 of its levels.

You collected 333 gold pieces.

Inventory:

Hand Weapons
 a - a +2 dagger of protection (weapon)
 b - a +1 hunting sling of electrocution
 l - a +2 whip of venom
Missiles
 d - 76 arrows
 k - 164 stones (quivered)
 m - 11 sling bullets
 q - 5 poisoned darts
 t - 22 bolts
Armour
 n - a +0 robe (worn)
 s - the +8 ring mail "Tikluq" {rPois rC- Int+5}
   (You found it on level 4 of the Dungeon)

   Int:       It affects your intelligence (+5).
   rC:        It makes you vulnerable to cold.
   rPois:     It protects you from poison.
Magical Staves
 e - a staff of air
Jewellery
 r - a ring of poison resistance (left hand)
Wands
 o - a wand of mindburst (16)
 u - a wand of charming (5)
 v - a wand of flame (12)
Scrolls
 g - 4 scrolls of identify
 h - 2 scrolls of blinking
 i - a scroll of immolation
 j - a scroll of magic mapping
 p - a scroll of teleportation
 w - 3 scrolls of amnesia
 y - a scroll of vulnerability
Potions
 c - a potion of magic
 f - 4 potions of curing
 x - a potion of heal wounds


   Skills:
 + Level 5.8 Fighting
 - Level 1.7 Dodging
 + Level 4.1 Stealth
 * Level 6.8 Unarmed Combat
 - Level 2.0 Spellcasting
 - Level 1.7 Transmutations


You had 8 spell levels left.
You knew the following spells:

 Your Spells              Type           Power      Damage    Failure   Level
a - Beastly Appendage     Tmut           12%        N/A       11%         1
w - Wereblood             Tmut           6%         N/A       16%         2

Your spell library contained the following spells:

 Spells                   Type           Power      Damage    Failure   Level
 Ensorcelled Hibernation  Hex/Ice        2%         N/A       32%         2
 Spider Form              Tmut/Pois      4%         N/A       43%         3
 Summon Guardian Golem    Hex/Summ       1%         N/A       54%         3
 Tukima's Dance           Hex            1%         N/A       54%         3
 Ice Form                 Ice/Tmut       4%         N/A       83%         4
 Enfeeble                 Hex            0%         N/A       100%        7
 Orb of Destruction       Conj           0%         N/A       100%        7
 Spellforged Servitor     Conj/Summ      0%         N/A       100%        7


Dungeon Overview and Level Annotations

Branches:
Dungeon (6/15)             Temple (1/1) D:4

Altars:
Ashenzari
Cheibriados
Dithmenos
Elyvilon
Fedhas
Gozag
Hepliaklqana
Kikubaaqudgha
Makhleb
Nemelex Xobeh
Okawaru
Qazlal
Ru
Sif Muna
Trog
Uskayaw
Vehumet
Wu Jian
Xom
Yredelemnul
Zin
The Shining One

Shops:
D:5 (

Annotations:
D:5 1 runed translucent door, HallandMoats's ghost, novice FoFi


Innate Abilities, Weirdness & Mutations

You have temporarily grown beastly horns and talons.
You are completely covered in molten scales. (AC +4, rF+)
Spells you cast may paralyse adjacent enemies.
Your touch may inflict minor irresistible damage on your foes.


Message History

The stone hits the orc.
Lightning courses through the orc!!
You kill the orc!
You shoot a stone.
The stone closely misses the orc warrior.
Things that are here:
a +0 hand axe; a +0 leather armour
Found 14 arrows.
You see here 14 arrows.
You shoot a stone.
The stone hits the orc warrior but does no damage.
Lightning courses through the orc warrior!
The orc warrior is moderately wounded.
Your +1 hunting sling of electrocution stops crackling.
Your +2 dagger of protection hums with potential!
a - a +2 dagger of protection (weapon)
The orc warrior drinks a potion.
The orc warrior seems to grow stronger.
Casting: Wereblood (safe; 16% risk of failure)
Confirm with . or Enter, or press ? or * to list all spells.
You grow a pair of large bovine horns.
Your feet morph into talons.
Malevolent energies surge around you.
The orc warrior hits you with a +0 scimitar!
Casting: Beastly Appendage (safe; 11% risk of failure)
Confirm with . or Enter, or press ? or * to list all spells.
Your blood is infused with primal strength.
Malevolent energies surge around you.
The orc warrior hits you with a +0 scimitar!
Casting: Wereblood (safe; 16% risk of failure)
Confirm with . or Enter, or press ? or * to list all spells.
You miscast Beastly Appendage.
You are very lightly contaminated with residual magic.
Nothing appears to happen.
The orc warrior hits you with a +0 scimitar!
You barely miss the orc warrior.
You claw the orc warrior, but do no damage.
Your touch misses the orc warrior.
The orc warrior is moderately wounded.
The orc warrior hits you with a +0 scimitar!!
Ouch! That really hurt!
You die...
Your body glows slightly and disappears.

#.#)....# # #
#.##.#o.#####.#.#
..#.. #...#......#
...#####..>...#
...#.).###### #.#.o##
#....# ##.#.#######
#.#..((o@.#
#.#######.# #.....#
#.# #####.# #.# #.#
#.# #.# #.# ##### #.#
#># #.... #.# #.#
#########.##.
#.###.###.........##.


You could see an orc warrior (strong).

Vanquished Creatures
  Sigmund (D:3)
  2 water moccasins (D:5)
  A hornet zombie (D:5)
  A black bear (D:5)
  An ogre (D:5)
  2 scorpions
  A jelly (D:6)
  An orc priest (D:5)
  A gnoll shaman (D:3)
  2 orc wizards (D:4)
  3 hound skeletons
  8 gnolls
  14 adders
  A worm (D:5)
  16 orcs
  3 endoplasms
  4 giant cockroaches
  10 goblins
  8 hobgoblins
  3 jackals (D:1)
  9 kobolds
  2 quokkas
  6 ball pythons
  9 bats
  2 frilled lizards (D:3)
  7 rats
118 creatures vanquished.

Vanquished Creatures (others)
  A plant (D:5)
1 creature vanquished.

Grand Total: 119 creatures vanquished

Notes
Turn   | Place    | Note
-------+----------+-------------------------------------------
     0 | D:1      | porpoise the Demonspawn Transmuter began the quest for the
                  | Orb.
     0 | D:1      | Reached XP level 1. HP: 15/15 MP: 3/3
   242 | D:1      | Reached skill level 3 in Unarmed Combat
   250 | D:1      | Gained mutation: Spells you cast may paralyse adjacent
                  | enemies. [demonic ancestry]
   250 | D:1      | Reached XP level 2. HP: 17/21 MP: 3/5
  1199 | D:2      | Gained mutation: You are partially covered in molten
                  | scales. (AC +2) [demonic ancestry]
  1199 | D:2      | Reached XP level 3. HP: 21/27 MP: 4/6
  1581 | D:2      | Found a faded altar of an unknown god.
  2088 | D:3      | Gained mutation: You are mostly covered in molten scales.
                  | (AC +3) [demonic ancestry]
  2088 | D:3      | Reached XP level 4. HP: 34/34 MP: 5/7
  2143 | D:3      | Noticed a scorpion
  2151 | D:3      | Killed a scorpion
  2152 | D:3      | Reached skill level 4 in Unarmed Combat
  2282 | D:3      | Reached skill level 1 in Stealth
  2282 | D:3      | Reached XP level 5. HP: 41/41 MP: 6/8
  2553 | D:3      | Learned a level 2 spell: Wereblood
  2588 | D:3      | Found an opulent altar of Gozag.
  3139 | D:3      | Noticed Sigmund
  3153 | D:3      | Killed Sigmund
  3154 | D:3      | Gained mutation: Your touch may inflict minor irresistible
                  | damage on your foes. [demonic ancestry]
  3154 | D:3      | Reached XP level 6. HP: 49/49 MP: 4/9
  3533 | D:4      | Reached skill level 5 in Unarmed Combat
  4139 | D:4      | Gained mutation: You are completely covered in molten
                  | scales. (AC +4, rF+) [demonic ancestry]
  4139 | D:4      | Reached XP level 7. HP: 55/55 MP: 8/10
  4200 | D:4      | Found a staircase to the Ecumenical Temple.
  4206 | Temple   | Entered the Ecumenical Temple
  4606 | Temple   | Became a worshipper of Nemelex Xobeh the Trickster
  4678 | D:4      | Identified the +8 ring mail "Tikluq" {rPois rC- Int+5}
  5361 | D:5      | Entered Level 5 of the Dungeon
  5514 | D:5      | Reached * piety under Nemelex Xobeh
  5524 | D:5      | Found a runed translucent door.
  5527 | D:5      | Noticed HallandMoats's ghost (novice FoFi)
  5546 | D:5      | Reached skill level 5 in Fighting
  5578 | D:5      | Found Peasuh's Hydra Hut.
  5580 | D:5      | Noticed a four-headed hydra
  5598 | D:5      | Received a gift from Nemelex Xobeh
  5881 | D:5      | Reached skill level 6 in Unarmed Combat
  6058 | D:5      | Reached XP level 8. HP: 61/63 MP: 9/11
  6759 | D:6      | Slain by an orc warrior

Illustrated notes

Levels and vault maps discovered:
D:1:      saegor_arrival_simple_d, layout_loops_ring, fountainhead,
          roderic_lattice_a
D:2:      layout_rooms, dreamdust_ecumenical_altar_statues,
          kennysheep_generic_room_3
D:3:      layout_basic, nicolae_gozag_seed_capital, minmay_unequal, uniq_sigmund
D:4:      layout_gridville, minmay_temple_entry_butterflies
D:5:      layout_cave_pools, ebering_ghost_sewer_d, minivault_27,
          doesnt_shop_hydraphobe
D:6:      layout_loops_ring, hangedman_abyss_or_decor_stagger
Temple:   mainiacjoe_temple_trianglar_array

Skill      XL: |  1  2  3  4  5  6  7  8 |
---------------+-------------------------+-----
Unarmed Combat | 3 4 5 6 |  6.8
Fighting       | 2 3 4 5 |  5.8
Stealth        | 1 2 3 4 |  4.1
Dodging        | |  1.7
Spellcasting   | |  2.0
Transmutations | |  1.7

Action                   |  1- 3 |  4- 6 |  7- 9 || total
-------------------------+-------+-------+-------++-------
Melee: Unarmed           |    77 |       |       ||    77
       Kick              |    17 |    19 |    14 ||    50
       Headbutt          |    13 |    15 |     9 ||    37
       Dagger            |     3 |    94 |    54 ||   151
       Punch             |     2 |     3 |     1 ||     6
       Touch             |       |     4 |     9 ||    13
 Fire: Hunting sling     |       |    13 |    76 ||    89
Throw: Stone             |    16 |     3 |       ||    19
 Cast: Beastly Appendage |    32 |    40 |    26 ||    98
       Wereblood         |       |       |     4 ||     4
  Use: Scroll            |       |     9 |     4 ||    13
       Potion            |       |       |     1 ||     1
 Stab: Sleeping          |     2 |     4 |       ||     6
       Paralysed         |    11 |    25 |    23 ||    59
Armor: Robe              |    10 |    28 |    15 ||    53
Dodge: Dodged            |    28 |    54 |    37 ||   119

Table legend: (Time is in decaauts)
 A = Elapsed time spent in this place.
 B = Non-inter-level travel time spent in this place.
 C = Inter-level travel time spent in this place.
 D = Time resting spent in this place.
 E = Time spent auto-exploring this place.
 F = Levels seen in this place.
 G = Mean time per level.
                   A        B        C        D        E       F      G
               +--------+--------+--------+--------+--------+-----+--------+
         Total |   6747 |   6618 |    129 |   1906 |   3538 |   7 |  963.9 |
       Dungeon |   6325 |   6217 |    108 |   1906 |   3156 |   6 | 1054.2 |
        Temple |    421 |    400 |     21 |      0 |    382 |   1 |  421.0 |
               +--------+--------+--------+--------+--------+-----+--------+

Top non-repeatable levels by time:
     D:4: 1479 daAuts
     D:3: 1371 daAuts
     D:1: 1338 daAuts
     D:5: 984 daAuts
     D:2: 743 daAuts
  Temple: 421 daAuts
     D:6: 409 daAuts
